Cogmind - Beta 17 @@@ ROGUE MODE // 2026.07.06 @ 13:19:47 Player: Venar246 Result: Destroyed by G-73 Enforcer with Phase Gun Performance ------------- Evolutions (9) 4500 Regions Visited (18) 3600 Robots Destroyed (101) 505 Value Destroyed (4024) 4024 Prototype IDs (41) 820 Alien Tech Used (0) 0 Bonus (1315) 1315 TOTAL SCORE: 14764 Bonus ------- High Alert Combat Kills 93 Follower Combat Kills 77 Entered Garrisons 200 Hacked Protovariant 500 Scanned by Researcher 500 Friendly Fire -55 Cogmind --------- Core Integrity 0/1600 Matter 191/300 Energy 98/100 System Corruption 4% Temperature Cool (0) Movement Core (50) Location -1/Garrison Parts ------- > --- POWER (3) -------- (None) > --- PROPULSION (8) --- (None) > --- UTILITY (12) ----- (None) > --- WEAPON (2) ------- (None) > --- INVENTORY (5) ---- Energy Well (350) Experimental Matter Compressor (0) Enhanced Hardcell Cannon Enhanced Hardcell Cannon Peak State ------------ > --- POWER ------------ Light Quantum Reactor Light Quantum Reactor > --- PROPULSION ------- Nuclear Pulse Thruster Nuclear Pulse Array Flightbrick > --- UTILITY ---------- Large Storage Unit Advanced Weight Redist. System Machine Analyzer Advanced ECM Suite Makeshift Hacking Suite Improved Hacking Suite System Shield Improved System Shield > --- WEAPON ----------- Remote Datajack Shock Maul > --- INVENTORY -------- Antimatter Reactor Light Antimatter Reactor Xenon Bombardment Thruster Compact Matter Pod Quantum Capacitor Improved Light Armor Plating Improved Light Armor Plating System Shield Matter Neutralizer Matter Neutralizer Precision Grenade Launcher Power Maul Shock Maul [Rating: 116] Favorites ----------- Power Subdweller Power Source Engine Subdweller Power Source Power Core Micro Nuclear Core Reactor Light Antimatter Reactor Propulsion Aluminum Leg Leg Aluminum Leg Wheel Maxwheels Hover Unit Antigrav System Flight Unit Nuclear Pulse Thruster Utility Large Storage Unit Device Seismic Detector Storage Large Storage Unit Processor Machine Analyzer Hackware Makeshift Hacking Suite Protection Improved Light Armor Plating Weapon Subdweller Beam Cannon Energy Gun Subdweller Laser Energy Cannon Subdweller Beam Cannon Ballistic Gun Enhanced Autogun Ballistic Cannon Linear Accelerator Launcher Precision Grenade Launcher Special Weapon Remote Datajack Impact Weapon Power Maul Piercing Weapon Makeshift Spear Build | -11 -10 -10 -10 -8 -7 -6 -6 -6 -5 -5 -5 -4 -4 -3 -3 -2 -1 -1 ------- Run | Yrd Mat Min Sub Mat Fac Fac Ext Cet Fac Upp Upp Fac Arm Res Tes Res Acc Gar Slots Evolved 18 | . . . . 4 2 2 . . 2 . . 2 . 2 . 2 2 . Power 2 | . . . . . . . . . 1 . . . . 1 . . . . Propulsion 6 | . . . . 2 . 1 . . 1 . . 1 . 1 . . . . Utility 10 | . . . . 2 2 1 . . . . . 1 . . . 2 2 . Weapon . | . . . . . . . . . . . . . . . . . . . Parts Attached 127 | 7 4 4 10 12 9 3 6 . 4 1 . 4 13 2 27 17 4 . Power 24 | 1 . 1 3 2 1 . . . 1 . . 2 3 . 7 3 . . Engine 11 | 1 . 1 3 . . . . . . . . . 1 . 5 . . . Core 4 | . . . . 2 1 . . . 1 . . . . . . . . . Reactor 9 | . . . . . . . . . . . . 2 2 . 2 3 . . Propulsion 33 | 2 . . 1 1 . 1 2 . 1 . . 1 5 . 9 7 3 . Treads . | . . . . . . . . . . . . . . . . . . . Leg 8 | 2 . . 1 . . . . . . . . . . . 5 . . . Wheel 4 | . . . . 1 . 1 . . . . . . . . 2 . . . Hover 2 | . . . . . . . . . . . . . . . 2 . . . Flight 19 | . . . . . . . 2 . 1 . . 1 5 . . 7 3 . Utility 40 | 1 3 1 3 4 5 2 4 . . . . 1 3 2 6 5 . . Device 20 | . 2 1 2 2 2 . 2 . . . . . . 2 4 3 . . Storage 4 | 1 1 . . . . 1 . . . . . . . . 1 . . . Processor 3 | . . . . . 1 1 . . . . . . . . 1 . . . Hackware 8 | . . . . 1 . . 2 . . . . 1 2 . . 2 . . Protection 5 | . . . 1 1 2 . . . . . . . 1 . . . . . Artifact . | . . . . . . . . . . . . . . . . . . . Weapon 30 | 3 1 2 3 5 3 . . . 2 1 . . 2 . 5 2 1 . Energy Gun 5 | 2 . . 1 . . . . . 1 . . . . . 1 . . . Energy Cannon 8 | . 1 . 2 . 1 . . . 1 . . . . . 3 . . . Ballistic Gun 6 | 1 . . . 5 . . . . . . . . . . . . . . Ballistic Cannon 3 | . . . . . . . . . . . . . . . 1 1 1 . Launcher 3 | . . 1 . . 1 . . . . . . . . . . 1 . . Special Weapon 1 | . . . . . . . . . . 1 . . . . . . . . Impact Weapon 3 | . . . . . 1 . . . . . . . 2 . . . . . Slashing Weapon . | . . . . . . . . . . . . . . . . . . . Piercing Weapon 1 | . . 1 . . . . . . . . . . . . . . . . Special Melee Weapon . | . . . . . . . . . . . . . . . . . . . Unidentified Prototypes 11 | . . . 1 1 1 . . . 1 . . . 1 . 4 2 . . Corrupted Parts 1 | . . . . . . . . . . . . . . . 1 . . . System Corruption 1 | . . . . . . . . . . . . . . . 1 . . . Parts Lost 55 | . . . 2 2 4 2 . . . . . . 10 5 13 9 7 1 Power 10 | . . . . . 1 . . . . . . . 2 . 2 4 1 . Propulsion 21 | . . . 2 . . . . . . . . . 3 4 2 4 5 1 Utility 12 | . . . . . 1 2 . . . . . . 4 1 3 1 . . Weapon 12 | . . . . 2 2 . . . . . . . 1 . 6 . 1 . Highest Loss Streak 8 | . . . 1 1 3 2 . . . . . . 7 3 8 7 6 1 To Critical Strikes 1 | . . . . . . . . . . . . . 1 . . . . . Average Backups 10 | . 4 10 13 9 11 11 11 14 13 12 11 11 12 11 3 4 4 4 Power . | . . 1 1 . . 1 1 2 1 1 1 1 2 1 . . . . Propulsion . | . . . 1 1 1 1 1 3 1 2 2 1 . . . . . . Utility 5 | . 3 7 6 5 6 6 4 6 6 5 5 5 4 4 1 2 2 2 Weapon 2 | . . 2 3 3 3 2 3 2 3 3 3 3 4 5 1 . 2 2 Tool/Special . | . . . . . . . . . . . . . . . . . . . Unused Backups 28 | . . 1 8 3 7 . 1 . 1 . . . . 4 . . 1 2 Power 3 | . . . 2 1 . . . . . . . . . . . . . . Propulsion 4 | . . . 1 . . . 1 . 1 . . . . . . . 1 . Utility 12 | . . 1 4 2 2 . . . . . . . . 2 . . . 1 Weapon 8 | . . . 1 . 5 . . . . . . . . 1 . . . 1 Tool/Special 1 | . . . . . . . . . . . . . . 1 . . . . Average Slot Usage (%) 76 | . 98 100 99 68 77 78 63 61 67 71 75 69 65 47 36 19 13 2 Engine 6 | . 14 14 13 4 . . . . . . . . 2 . 2 4 . . Core 2 | . . . . 2 6 6 5 5 9 10 10 6 1 . . . . . Leg 12 | . 28 28 27 . . . . . . . . . . . 4 . . . Wheel 2 | . . . . 7 7 12 . . . . . . . . . . . . Flight 2 | . . . . . . . 10 11 15 15 15 18 15 14 . 2 12 2 Device 11 | . 12 14 13 12 13 13 10 11 10 11 15 11 10 12 10 3 . . Storage 8 | . 14 14 14 7 7 6 5 5 5 5 5 4 4 3 . . . . Processor 3 | . . . . . 6 11 11 11 10 9 5 4 4 4 4 . . . Hackware 4 | . . . . 6 7 6 15 16 15 15 15 17 15 9 6 2 . . Protection 1 | . . . . 2 6 5 . . . . . . . . . . . . Energy Gun 3 | . 3 . 12 . . . . . . . . . . . . . . . Energy Cannon 8 | . 10 13 14 11 5 6 . . 1 . . . . . 3 . . . Ballistic Gun 5 | . 14 13 . 11 14 5 . . . . . . . . . . . . Peak Build Rating 116 | 6 9 12 24 63 69 75 86 84 98 97 96 104 116 94 112 41 50 13 Average Rating 41 | 4 7 9 15 56 66 72 79 80 90 92 96 98 100 66 59 26 37 8 On Entrance 50 | . 6 9 9 17 61 68 70 80 80 96 96 96 102 67 25 15 41 13 Avg Prop Armor Cover (%) 22 | . . . . . . . . . . . . . . 28 . . 23 11 Naked Turns 119 | . . . . . . . . . . . . . . . 73 27 . 19 Heaviest Build 59 | 11 29 31 42 49 47 45 32 30 43 45 45 49 59 51 41 24 20 . Greatest Support 165 | 20 20 20 30 30 30 42 30 30 45 45 45 49 52 51 165 29 29 3 Greatest Overweight (x) 7 | . 1 1 4 1 1 1 1 . . . . . 1 7 4 1 1 . Average Overweight (x) . | . . 1 . 1 1 . . . . . . . . . . . . . Largest Inventory Capacity 15 | 8 15 15 15 15 15 15 15 15 15 15 15 15 15 15 5 5 5 5 Average Capacity 13 | 7 13 15 15 15 15 15 15 15 15 15 15 15 15 13 5 5 5 5 Most Carried 15 | . 7 15 15 15 15 15 15 15 15 15 12 15 15 15 5 5 5 4 Average Carried 11 | . 4 11 14 12 14 14 12 14 13 13 12 13 13 12 3 4 4 4 Final Capacity 15 | 8 15 15 15 15 15 15 15 15 15 15 15 15 15 5 5 5 5 5 Final Carried 15 | . 7 14 15 15 15 15 15 15 14 12 12 14 13 5 2 5 4 4 Class Distribution -------------------- 64% | Mutant 18% | Hacker-Mutant 12% | Gunner 3% | Scavenger-Mutant Dominant Class ---------------- Mutant | -10/Materials Mutant | -10/Mines Mutant | -10/Subcaves Gunner | -8/Materials Gunner | -7/Factory Mutant | -6/Factory Hacker-Mutant | -6/Extension Hacker-Mutant | -6/Cetus Hacker-Mutant | -5/Factory Hacker-Mutant | -5/Upper Caves Hacker-Mutant | -5/Upper Caves Hacker-Sprinter | -4/Factory Hacker-Sprinter | -4/Armory Hacker-Mutant | -3/Research Hacker-Mutant | -3/Testing Mutant | -2/Research Mutant | -1/Access Mutant | -1/Garrison Resources | -11 -10 -10 -10 -8 -7 -6 -6 -6 -5 -5 -5 -4 -4 -3 -3 -2 -1 -1 ----------- Run | Yrd Mat Min Sub Mat Fac Fac Ext Cet Fac Upp Upp Fac Arm Res Tes Res Acc Gar Matter Collected 3595 | 244 . 132 160 719 472 148 297 . 200 51 . . 97 . 781 63 231 . Remotely . | . . . . . . . . . . . . . . . . . . . Salvage Created 3636 | . . 32 442 1127 703 253 140 . 67 . . . 63 . 630 123 56 . Parts 201 | . . 3 23 67 38 19 5 . 2 . . . 3 . 29 7 5 . Haulers Intercepted 4 | . . . . 2 1 1 . . . . . . . . . . . . Recyclers Shooed 7 | . . . . 3 . 2 . . . . . . . . 2 . . . Parts Field Recycled . | . . . . . . . . . . . . . . . . . . . Retrieved Matter . | . . . . . . . . . . . . . . . . . . . Parts Self-Destructed 10 | . . . 10 . . . . . . . . . . . . . . . Prevented . | . . . . . . . . . . . . . . . . . . . Parts Restored . | . . . . . . . . . . . . . . . . . . . Kills | -11 -10 -10 -10 -8 -7 -6 -6 -6 -5 -5 -5 -4 -4 -3 -3 -2 -1 -1 ------- Run | Yrd Mat Min Sub Mat Fac Fac Ext Cet Fac Upp Upp Fac Arm Res Tes Res Acc Gar Combat Hostiles Destroyed 78 | . . 3 11 16 13 8 6 . 2 . . . 3 . 7 6 3 . Guns 21 | . . . 4 10 6 . 1 . . . . . . . . . . . Cannons 21 | . . . 7 5 3 1 . . 1 . . . . . 3 1 . . AOE 33 | . . 3 . 1 3 7 5 . 1 . . . 2 . 3 5 3 . Classes Destroyed 17 | . . 1 3 7 2 1 . . . . . . 1 . 2 . . . Worker 3 | . . . . . . 1 . . . . . . . . 2 . . . Builder 4 | . . . . 1 1 . 1 . . . . . . . 1 . . . Tunneler 2 | . . . . 1 1 . . . . . . . . . . . . . Hauler 4 | . . . . 2 1 1 . . . . . . . . . . . . Recycler 4 | . . . . 2 1 . . . . . . . . . 1 . . . Operator 2 | . . . . 1 . . . . . . . . 1 . . . . . Watcher 1 | . . . . . . . . . . . . . . . 1 . . . Swarmer 24 | . . 3 1 . . 7 4 . . . . . 1 . . 5 3 . Cutter 2 | . . . . . . . . . . . . . 2 . . . . . Grunt 24 | . . . 2 9 9 . . . . . . . . . 3 1 . . Brawler 1 | . . . . 1 . . . . . . . . . . . . . . Duelist 1 | . . . . . 1 . . . . . . . . . . . . . Researcher 3 | . . . . . . . . . . . . . . . 3 . . . Sentry 7 | . . . 1 5 . . 1 . . . . . . . . . . . Hunter 5 | . . . . 1 1 . 1 . . . . . . . 2 . . . Programmer 7 | . . . . . 2 1 . . 2 . . . . . 2 . . . Subdweller 7 | . . . 7 . . . . . . . . . . . . . . . Best Kill Streak 7 | . . 3 3 5 7 4 7 . 2 . . . 3 . 6 5 3 . Combat Bots Only 6 | . . 3 3 4 6 4 6 . 2 . . . 3 . 3 5 3 . Max Kills in Single Turn 5 | . . 3 1 1 2 2 3 . 1 . . . 1 . 2 5 3 . Gunslinging . | . . . . . . . . . . . . . . . . . . . Exploded 5 | . . 3 . 1 2 2 2 . 1 . . . 1 . 1 5 3 . Melee . | . . . . . . . . . . . . . . . . . . . Uniques/NPCs Destroyed . | . . . . . . . . . . . . . . . . . . . Combat | -11 -10 -10 -10 -8 -7 -6 -6 -6 -5 -5 -5 -4 -4 -3 -3 -2 -1 -1 -------- Run | Yrd Mat Min Sub Mat Fac Fac Ext Cet Fac Upp Upp Fac Arm Res Tes Res Acc Gar Hostile Shots Fired 1192 | . . 6 37 77 61 27 131 1 20 37 . 16 56 66 326 174 98 59 Missed 484 | . . 2 14 19 12 7 66 1 10 25 . 9 25 37 108 78 53 18 Hits 708 | . . 4 23 58 49 20 65 . 10 12 . 7 31 29 218 96 45 41 Melee 6 | . . . . . . . . . . . . . 5 . . . . 1 Projectile 702 | . . 4 23 58 49 20 65 . 10 12 . 7 26 29 218 96 45 40 AOE 4 | . . . . . . . . . . . . . 3 . . . 1 . Critical Strikes 28 | . . . 1 3 2 2 1 . 1 . . . 6 . 7 2 1 2 Part Disruptions 1 | . . . . . . . . . . . . . . . . . 1 . Damage Taken 14549 | . . 37 563 1039 836 356 871 . 210 172 . 165 1281 669 4005 2134 1197 1014 Core 4776 | . . 8 124 214 78 34 82 . . 33 . 27 60 303 868 1328 626 991 Absorbed by Shields 85 | . . . . . . . . . . . . . . . 85 . . . Ignored by Resistances 169 | . . . . . . . . . . . . . . . . 169 . . Regen/Repaired (Parts) 18 | . . . . . . . . . . . . 18 . . . . . . Core Remaining (%) 65 | 100 . . 47 61 88 . . 86 . . 96 . 92 . 9 8 . . Volleys Fired 266 | . . 7 35 61 44 17 10 3 9 6 . . 5 . 49 13 7 . Largest 4 | . . 2 2 4 3 2 2 1 2 1 . . 1 . 1 1 1 . Hottest 210 | . . 80 160 210 126 90 101 36 126 36 . . 36 . 105 54 58 . Shots Fired 492 | . . 8 70 156 124 26 13 3 11 7 . . 5 . 49 13 7 . Gun 242 | . . 1 30 105 86 9 7 . . . . . . . 4 . . . Cannon 208 | . . 6 40 51 33 12 3 . 9 1 . . . . 36 12 5 . Launcher 38 | . . 1 . . 5 5 3 3 2 3 . . 4 . 9 1 2 . Special 4 | . . . . . . . . . . 3 . . 1 . . . . . Kinetic 233 | . . 1 5 105 86 9 7 . . . . . . . 3 12 5 . Thermal 203 | . . 6 65 51 33 12 3 . 9 1 . . . . 23 . . . Explosive 38 | . . 1 . . 5 5 3 3 2 3 . . 4 . 9 1 2 . Electromagnetic 14 | . . . . . . . . . . . . . . . 14 . . . Robot Hit Streak 18 | . . . 12 10 18 11 13 . 14 5 . . 3 . 13 4 1 . Robot Miss Streak 6 | . . . 3 6 4 2 . . 2 . . . 1 . 4 2 3 . Penetration Max . | . . . . . . . . . . . . . . . . . . . Secondary Targets 3 | . . . . 3 . . . . . . . . . . . . . . Max Gunslinging Chain 1 | . . . . 1 . . . . . . . . . . . . . . Capacitor 15 | . . . . . . . . . . . . . . . 15 . . . Shots Hit Robots 301 | . . . 35 89 81 15 14 . 6 4 . . 7 . 40 8 2 . Core Hits 170 | . . 3 13 37 37 15 11 . 4 3 . . 3 1 32 7 3 1 Critical Kills 2 | . . . . . 1 . . . . . . . . . 1 . . . Critical Parts Destroyed 1 | . . . . 1 . . . . . . . . . . . . . . Critical Strikes 4 | . . . . 1 1 . . . . . . . . . 1 1 . . Meltdown 2 | . . . . . 1 . . . . . . . . . 1 . . . Destroy 1 | . . . . 1 . . . . . . . . . . . . . . Blast 1 | . . . . . . . . . . . . . . . . 1 . . Melee Attacks 11 | . . 1 . . 2 . 4 . . . . . 4 . . . . . Impact 10 | . . . . . 2 . 4 . . . . . 4 . . . . . Slashing . | . . . . . . . . . . . . . . . . . . . Piercing 1 | . . 1 . . . . . . . . . . . . . . . . Sneak Attacks . | . . . . . . . . . . . . . . . . . . . Combat Hostiles . | . . . . . . . . . . . . . . . . . . . Follow-up Attacks . | . . . . . . . . . . . . . . . . . . . Damage Inflicted 11274 | . . 127 736 1960 2224 917 734 . 303 35 . . 742 8 2338 748 378 24 Guns 2540 | . . . 198 1084 989 103 107 . . . . . . . 59 . . . Cannons 3909 | . . . 538 763 620 245 55 . 170 28 . . . . 1080 372 38 . Explosions 4327 | . . 119 . 113 615 539 436 . 133 7 . . 501 . 1148 376 340 . Melee 377 | . . . . . . . 136 . . . . . 241 . . . . . Ramming 121 | . . 8 . . . 30 . . . . . . . 8 51 . . 24 Kinetic 2807 | . . . 29 1084 989 103 107 . . . . . . . 85 372 38 . Thermal 3532 | . . . 707 876 620 245 55 . 170 28 . . . . 831 . . . Explosive 4056 | . . 119 . . 615 539 436 . 133 7 . . 501 . 990 376 340 . Electromagnetic 381 | . . . . . . . . . . . . . . . 381 . . . Impact 377 | . . . . . . . 136 . . . . . 241 . . . . . Slashing . | . . . . . . . . . . . . . . . . . . . Piercing . | . . . . . . . . . . . . . . . . . . . Highest Corruption 6 | . . . . . 1 . . . 2 2 2 . . 1 6 . 4 4 Average Corruption 2 | . . . . . 1 . . . 2 2 2 . . 1 3 . 1 4 Corruption Purged . | . . . . . . . . . . . . . . . . . . . Corruption Blocked . | . . . . . . . . . . . . . . . . . . . Effects 12 | . . . . . 1 . . . . 2 . . . . 8 . 1 . Message Errors 2 | . . . . . . . . . . . . . . . 2 . . . Matter Fused 3 | . . . . . . . . . . . . . . . 3 . . . Heat Flow Errors 1 | . . . . . . . . . . . . . . . 1 . . . Energy Discharges 3 | . . . . . . . . . . 1 . . . . 1 . 1 . Parts Rejected 1 | . . . . . 1 . . . . . . . . . . . . . Data Loss (minor) 1 | . . . . . . . . . . . . . . . 1 . . . Misfires 1 | . . . . . . . . . . 1 . . . . . . . . Overload Shots . | . . . . . . . . . . . . . . . . . . . Overflow Damage 481 | . . 1 . 85 8 25 20 . . . . . 132 . 142 38 30 . Projectiles 154 | . . . . 34 8 19 . . . . . . . . 57 28 8 . Explosions 241 | . . 1 . 51 . 6 20 . . . . . 46 . 85 10 22 . Melee 86 | . . . . . . . . . . . . . 86 . . . . . Knockbacks 7 | . . . . . . 1 . . . . . . 2 . 2 1 1 . Impact 3 | . . . . . . 1 . . . . . . 2 . . . . . Kinetic 4 | . . . . . . . . . . . . . . . 2 1 1 . Secondary . | . . . . . . . . . . . . . . . . . . . Self-Inflicted Damage 605 | . . . . 64 . 14 18 . . 2 . . 134 3 197 68 95 10 Shots 14 | . . . . 1 . . 1 . . 1 . . 3 . 5 1 2 . Rammed 24 | . . . . . . 3 . . . . . . . 3 10 . . 8 Targets Rammed 26 | . . 1 . . . 3 . . . . . . . 3 11 . . 8 Kicked 2 | . . 1 . . . . . . . . . . . . 1 . . . Crushed . | . . . . . . . . . . . . . . . . . . . Highest Temperature 601 | . . 140 123 601 147 3 15 . 126 59 . . 20 41 451 10 . . Average Temperature 100 | . . 79 27 200 48 2 6 . 56 34 . . 12 21 91 4 . . Received Heat Transfer 1796 | . . . 138 342 360 99 162 . 9 48 . 18 63 . 251 234 . 72 Effects 16 | . . . . 12 . . . . . . . . . . 4 . . . Shutdowns 4 | . . . . 3 . . . . . . . . . . 1 . . . Energy Bleed 1 | . . . . 1 . . . . . . . . . . . . . . Interference 3 | . . . . . . . . . . . . . . . 3 . . . Matter Decay 6 | . . . . 6 . . . . . . . . . . . . . . Short Circuit 1 | . . . . 1 . . . . . . . . . . . . . . Damage (core) 1 | . . . . 1 . . . . . . . . . . . . . . Siege Activations . | . . . . . . . . . . . . . . . . . . . Martial Activations . | . . . . . . . . . . . . . . . . . . . Shielding Activations . | . . . . . . . . . . . . . . . . . . . Robots Disrupted . | . . . . . . . . . . . . . . . . . . . Combat Hostiles . | . . . . . . . . . . . . . . . . . . . Robots Corrupted 2 | . . . . . . . . . . . . . 2 . . . . . Combat Hostiles 1 | . . . . . . . . . . . . . 1 . . . . . Parts Fried 3 | . . . . . . . . . . . . . 1 . 2 . . . Impact Corruptions 5 | . . . . . . . . . . . . . 5 . . . . . Robots Melted 2 | . . . . . 1 . . . . . . . . . 1 . . . Combat Hostiles 2 | . . . . . 1 . . . . . . . . . 1 . . . Parts Melted 11 | . . . 1 1 3 1 . . . . . . . . 5 . . . Heat Transferred 4383 | . . . 1051 1086 814 333 74 . 185 37 . . . . 803 . . . Parts Sabotaged . | . . . . . . . . . . . . . . . . . . . Parts Stolen . | . . . . . . . . . . . . . . . . . . . Parts Stripped . | . . . . . . . . . . . . . . . . . . . Power Chain Reactions 2 | . . . . . . . . . . . . . . . 2 . . . Alert | -11 -10 -10 -10 -8 -7 -6 -6 -6 -5 -5 -5 -4 -4 -3 -3 -2 -1 -1 ------- Run | Yrd Mat Min Sub Mat Fac Fac Ext Cet Fac Upp Upp Fac Arm Res Tes Res Acc Gar Maximum Alert Level 2 | . . . . 2 1 . 1 . 1 . . . . . 1 2 2 1 Low Security (%) 80 | 100 100 100 . 63 91 100 53 100 84 . . 100 100 100 55 60 . . Level 1 16 | . . . . 23 8 . 46 . 15 . . . . . 44 20 81 100 Level 2 3 | . . . . 12 . . . . . . . . . . . 19 18 . Level 3 . | . . . . . . . . . . . . . . . . . . . Level 4 . | . . . . . . . . . . . . . . . . . . . Level 5 . | . . . . . . . . . . . . . . . . . . . High Security . | . . . . . . . . . . . . . . . . . . . Max Security . | . . . . . . . . . . . . . . . . . . . Peak Influence 542 | . 5 130 . 472 247 116 247 121 216 . . 88 91 130 262 542 461 328 Initial 328 | . . . . 2 207 116 35 117 67 . . 88 27 3 72 147 261 328 Average 105 | . . 21 . 173 136 42 122 118 111 . . 67 31 11 156 234 337 323 Influence Increases 4206 | . 5 130 90 674 390 239 326 14 229 135 . 28 159 201 637 640 309 . Destroy 0b10 Robot/C 1520 | . . 60 80 320 260 160 160 . 40 . . . 60 . 200 120 60 . Destroy 0b10 Robot/NC 110 | . . . . 35 20 10 15 . . . . . 5 . 25 . . . Destroy Leader 300 | . . 10 10 94 62 32 30 . 10 . . . . . 32 10 10 . Allied During Kill 11 | . . . . . . . 11 . . . . . . . . . . . Successful Hack 209 | . 5 . . 8 . 9 1 . 44 . . 13 18 21 76 . 14 . Disable Machine 135 | . . 15 . 30 30 . . . . . . . 15 . 15 . 30 . Anti-Garrison Action 150 | . . . . 150 . . . . . . . . . . . . . . Destroy Structure 451 | . . . . 37 18 28 34 14 30 . . . 16 . 124 60 90 . Partial Spotted 60 | . . . . . . . 15 . 30 . . . . . . . 15 . Lose Combat Pursuer 1260 | . . 45 . . . . 60 . 75 135 . 15 45 180 165 450 90 . Influence Decreases 3888 | . 5 82 132 224 607 406 187 104 144 167 34 112 209 77 505 465 336 92 Entered New Map 1213 | . . . 26 4 249 123 37 94 54 77 34 52 29 3 58 115 176 82 Time Decay 1974 | . 5 82 96 200 318 263 100 10 90 90 . 60 80 43 287 160 90 . Search Patrol Dispatched 100 | . . . . . . . . . . . . . . . . 100 . . Lost Part 521 | . . . 10 20 40 20 . . . . . . 100 31 130 90 70 10 Lost Ally 20 | . . . . . . . 20 . . . . . . . . . . . Purge Threat 60 | . . . . . . . 30 . . . . . . . 30 . . . Squads Dispatched 26 | . . . . 5 2 2 2 . 1 . . 2 2 . 7 2 1 . Investigation 3 | . . . . 2 1 . . . . . . . . . . . . . Extermination 6 | . . . . . 1 1 . . 1 . . . . . 1 1 1 . Reinforcement 13 | . . . . . . 1 2 . . . . 2 2 . 5 1 . . Assault 3 | . . . . 2 . . . . . . . . . . 1 . . . Garrison 1 | . . . . 1 . . . . . . . . . . . . . . Intercept . | . . . . . . . . . . . . . . . . . . . Searches Triggered 1 | . . . . . . . . . . . . . . . . 1 . . Construction Impeded 2 | . . . . . . 1 1 . . . . . . . . . . . Haulers Reinforced 1 | . . . . . . . . . . . . . . . . 1 . . Active Scanning Responses . | . . . . . . . . . . . . . . . . . . . Cargo Convoy Interrupts . | . . . . . . . . . . . . . . . . . . . Stealth | -11 -10 -10 -10 -8 -7 -6 -6 -6 -5 -5 -5 -4 -4 -3 -3 -2 -1 -1 --------- Run | Yrd Mat Min Sub Mat Fac Fac Ext Cet Fac Upp Upp Fac Arm Res Tes Res Acc Gar Distress Signals 13 | . . 2 . 2 3 . 2 1 . . . . 2 . 1 . . . Communications Jammed . | . . . . . . . . . . . . . . . . . . . Distress Signals . | . . . . . . . . . . . . . . . . . . . Times Spotted 263 | . . 5 12 21 17 12 21 4 6 17 . 12 28 17 25 43 13 10 Peak Tracking Total 24 | . . 3 3 5 5 4 9 5 7 8 . 9 16 14 8 24 5 12 Tactical Retreats 26 | . . 1 . . . . 1 . 2 4 . 2 2 2 3 6 3 . ECM-based Alert Blocks 14 | . . . . . . . . . 2 7 . 5 . . . . . . Traps | -11 -10 -10 -10 -8 -7 -6 -6 -6 -5 -5 -5 -4 -4 -3 -3 -2 -1 -1 ------- Run | Yrd Mat Min Sub Mat Fac Fac Ext Cet Fac Upp Upp Fac Arm Res Tes Res Acc Gar Traps Triggered 11 | . . . 4 1 2 . . . . . . 1 1 2 . . . . Indirectly . | . . . . . . . . . . . . . . . . . . . Trap Hack Attempts . | . . . . . . . . . . . . . . . . . . . Triggered . | . . . . . . . . . . . . . . . . . . . Disarmed . | . . . . . . . . . . . . . . . . . . . Reprogrammed . | . . . . . . . . . . . . . . . . . . . Reused . | . . . . . . . . . . . . . . . . . . . Traps Extracted . | . . . . . . . . . . . . . . . . . . . Installed . | . . . . . . . . . . . . . . . . . . . Triggered . | . . . . . . . . . . . . . . . . . . . Machines | -11 -10 -10 -10 -8 -7 -6 -6 -6 -5 -5 -5 -4 -4 -3 -3 -2 -1 -1 ---------- Run | Yrd Mat Min Sub Mat Fac Fac Ext Cet Fac Upp Upp Fac Arm Res Tes Res Acc Gar Machines Disabled 11 | . . 1 1 3 2 . . . . . . . 1 . 1 . 2 . Max in Single Turn 2 | . . 1 1 2 1 . . . . . . . 1 . 1 . 1 . Garrison Access 2 | . . . . 1 . . . . . . . . . . 1 . . . Machines Repaired . | . . . . . . . . . . . . . . . . . . . Machines Dismantled . | . . . . . . . . . . . . . . . . . . . Machines Sabotaged . | . . . . . . . . . . . . . . . . . . . Overloaded Fab Kills . | . . . . . . . . . . . . . . . . . . . Hacking | -11 -10 -10 -10 -8 -7 -6 -6 -6 -5 -5 -5 -4 -4 -3 -3 -2 -1 -1 --------- Run | Yrd Mat Min Sub Mat Fac Fac Ext Cet Fac Upp Upp Fac Arm Res Tes Res Acc Gar Machines Accessed 45 | . 5 . 2 5 1 4 5 . 6 . . 4 4 2 6 . 1 . Terminals 31 | . 4 . . 4 1 3 5 . 2 . . 3 3 2 4 . . . Fabricators 1 | . . . . . . . . . . . . . 1 . . . . . Repair Stations 3 | . . . . . . 1 . . 1 . . 1 . . . . . . Recycling Units 2 | . 1 . . . . . . . 1 . . . . . . . . . Scanalyzers 4 | . . . . 1 . . . . 2 . . . . . 1 . . . Garrison Access 2 | . . . . . . . . . . . . . . . 1 . 1 . Total Hacks 121 | . 16 . 13 18 3 10 17 . 12 . . 12 6 2 11 . 1 . Successful 77 | . 7 . 13 13 1 6 9 . 7 . . 7 3 1 9 . 1 . Failed 42 | . 9 . . 4 2 4 8 . 4 . . 5 3 1 2 . . . Catastrophic 7 | . 2 . . . 1 . . . . . . 2 1 . 1 . . . Database Lockouts 2 | . . . . 1 . . . . 1 . . . . . . . . . Manual 51 | . 10 . . 7 1 6 9 . 4 . . 8 3 2 1 . . . Terminals 84 | . 10 . . 16 3 9 17 . 4 . . 10 5 2 8 . . . Fabricators 1 | . . . . . . . . . . . . . 1 . . . . . Repair Stations 6 | . . . . . . 1 . . 3 . . 2 . . . . . . Recycling Units 7 | . 6 . . . . . . . 1 . . . . . . . . . Scanalyzers 8 | . . . . 2 . . . . 4 . . . . . 2 . . . Garrison Access 2 | . . . . . . . . . . . . . . . 1 . 1 . Terminal Hacks 45 | . 3 . 13 8 . 4 6 . 1 . . 2 2 . 6 . . . Record 15 | . . . 12 . . . 1 . . . . 1 1 . . . . . Prototype ID Bank 7 | . 2 . . 5 . . . . . . . . . . . . . . Open Door 1 | . . . . . . . 1 . . . . . . . . . . . Branch Access Points 4 | . . . . 1 . 1 1 . . . . 1 . . . . . . Emergency Access Points 2 | . . . . 1 . 1 . . . . . . . . . . . . Scanalyzer Index 1 | . . . . . . 1 . . . . . . . . . . . . Alert Level 1 | . . . . . . . . . . . . . . . 1 . . . Unreport Threat 4 | . . . . . . . 2 . . . . . . . 2 . . . Patrol Status 1 | . . . . . . . . . . . . . . . 1 . . . Hauler Manifests 3 | . 1 . . 1 . 1 . . . . . . . . . . . . Registered Components 2 | . . . . . . . . . 1 . . . . . 1 . . . Zone Layout 2 | . . . . . . . 1 . . . . . 1 . . . . . Proto ID Catalog 1 | . . . 1 . . . . . . . . . . . . . . . Protovariant Controls 1 | . . . . . . . . . . . . . . . 1 . . . Fabricator Hacks . | . . . . . . . . . . . . . . . . . . . Repair Station Hacks 4 | . . . . . . . . . 2 . . 2 . . . . . . Scan Component 2 | . . . . . . . . . 1 . . 1 . . . . . . Repair 1 | . . . . . . . . . . . . 1 . . . . . . Refit 1 | . . . . . . . . . 1 . . . . . . . . . Recycling Unit Hacks 3 | . 2 . . . . . . . 1 . . . . . . . . . Report Inventory 2 | . 1 . . . . . . . 1 . . . . . . . . . Retrieve Components 1 | . 1 . . . . . . . . . . . . . . . . . Scanalyzer 6 | . . . . 2 . . . . 2 . . . . . 2 . . . Retrieve Study 6 | . . . . 2 . . . . 2 . . . . . 2 . . . Garrison Access Hacks 2 | . . . . . . . . . . . . . . . 1 . 1 . Unlock Access 1 | . . . . . . . . . . . . . . . . . 1 . Seal Access 1 | . . . . . . . . . . . . . . . 1 . . . Unauthorized Hacks 17 | . 2 . . 3 1 2 3 . 1 . . 3 1 1 . . . . Terminals 17 | . 2 . . 3 1 2 3 . 1 . . 3 1 1 . . . . Botnet 17 | . 2 . . 3 1 2 3 . 1 . . 3 1 1 . . . . Fabricators . | . . . . . . . . . . . . . . . . . . . Repair Stations . | . . . . . . . . . . . . . . . . . . . Recycling Units . | . . . . . . . . . . . . . . . . . . . Scanalyzers . | . . . . . . . . . . . . . . . . . . . Garrison Access . | . . . . . . . . . . . . . . . . . . . Data Cores Recovered 2 | . . . . 1 . . . . . . . . 1 . . . . . Used . | . . . . . . . . . . . . . . . . . . . Hacking Detections 34 | . 5 . . 4 1 3 5 . 4 . . 3 3 2 4 . . . Full Trace Events 2 | . . . . 1 1 . . . . . . . . . . . . . Feedback Events . | . . . . . . . . . . . . . . . . . . . Feedback Blocked . | . . . . . . . . . . . . . . . . . . . Robot Schematics Acquired . | . . . . . . . . . . . . . . . . . . . Robots Built . | . . . . . . . . . . . . . . . . . . . Authchips . | . . . . . . . . . . . . . . . . . . . Time . | . . . . . . . . . . . . . . . . . . . Total Robot Build Rating . | . . . . . . . . . . . . . . . . . . . Part Schematics Acquired 6 | . . . . . . . . . . . . . . . 6 . . . Parts Built . | . . . . . . . . . . . . . . . . . . . Authchips . | . . . . . . . . . . . . . . . . . . . Time . | . . . . . . . . . . . . . . . . . . . Total Part Build Rating . | . . . . . . . . . . . . . . . . . . . Part Studies Acquired 6 | . . . . 2 . . . . 2 . . . . . 2 . . . Parts Repaired 1 | . . . . . . . . . . . . 1 . . . . . . Time 19 | . . . . . . . . . . . . 19 . . . . . . Parts Recycled . | . . . . . . . . . . . . . . . . . . . Recycled Matter . | . . . . . . . . . . . . . . . . . . . Retrieved Matter . | . . . . . . . . . . . . . . . . . . . Retrieved Components 2 | . 2 . . . . . . . . . . . . . . . . . Parts Scanalyzed . | . . . . . . . . . . . . . . . . . . . Part Schematics Acquired . | . . . . . . . . . . . . . . . . . . . Parts Damaged . | . . . . . . . . . . . . . . . . . . . Bothacking | -11 -10 -10 -10 -8 -7 -6 -6 -6 -5 -5 -5 -4 -4 -3 -3 -2 -1 -1 ------------ Run | Yrd Mat Min Sub Mat Fac Fac Ext Cet Fac Upp Upp Fac Arm Res Tes Res Acc Gar Used RIF Installer . | . . . . . . . . . . . . . . . . . . . Robots Hacked . | . . . . . . . . . . . . . . . . . . . Non-combat . | . . . . . . . . . . . . . . . . . . . Combat . | . . . . . . . . . . . . . . . . . . . Robot Hacks Applied . | . . . . . . . . . . . . . . . . . . . Relay Couplers Released 5 | . . . . 2 . . . . . . . . . . 3 . . . Machine Destruction 5 | . . . . 2 . . . . . . . . . . 3 . . . Fabnet Peak Effective % . | . . . . . . . . . . . . . . . . . . . Robots Rewired . | . . . . . . . . . . . . . . . . . . . Allies Hacked . | . . . . . . . . . . . . . . . . . . . Hacks Repelled . | . . . . . . . . . . . . . . . . . . . Allies | -11 -10 -10 -10 -8 -7 -6 -6 -6 -5 -5 -5 -4 -4 -3 -3 -2 -1 -1 -------- Run | Yrd Mat Min Sub Mat Fac Fac Ext Cet Fac Upp Upp Fac Arm Res Tes Res Acc Gar Total Allies 3 | . . 1 . . . . 2 . . . . . . . . . . . Largest Group 2 | . . 1 1 . . . 2 . . . . . . . . . . . Highest-Rated Group 70 | . . 31 31 . . . 70 . . . . . . . . . . . Highest-Rated Ally 39 | . . 31 31 . . . 39 . . . . . . . . . . . Total Orders . | . . . . . . . . . . . . . . . . . . . Ally Attacks 37 | . . 3 5 . . . 29 . . . . . . . . . . . Total Damage 532 | . . 42 65 . . . 425 . . . . . . . . . . . Kills 6 | . . 1 . . . . 5 . . . . . . . . . . . Allies Corrupted . | . . . . . . . . . . . . . . . . . . . Allies Melted . | . . . . . . . . . . . . . . . . . . . Intel | -11 -10 -10 -10 -8 -7 -6 -6 -6 -5 -5 -5 -4 -4 -3 -3 -2 -1 -1 ------- Run | Yrd Mat Min Sub Mat Fac Fac Ext Cet Fac Upp Upp Fac Arm Res Tes Res Acc Gar Active Infowar (turns) 6302 | . . 497 2302 509 707 637 245 34 184 189 6 129 198 147 436 82 . . Optics 43 | . . . 42 1 . . . . . . . . . . . . . . Structural 486 | . . . . 2 . 484 . . . . . . . . . . . . Seismic 4121 | . . 497 2260 509 707 148 . . . . . . . . . . . . Machine Analysis 2077 | . . . . . . 509 245 34 184 189 6 129 198 147 436 . . . Triangulation 82 | . . . . . . . . . . . . . . . . 82 . . Cloaking 26 | . . . . . . . . . . . . . . 26 . . . . Jamming 48 | . . . . . . . . . . . . . . 29 19 . . . ECM 61 | . . . . . . . 3 . 20 25 . 13 . . . . . . Robot Analysis Total . | . . . . . . . . . . . . . . . . . . . Derelict Logs Recovered 4 | . . 1 2 . . . . . . 1 . . . . . . . . Drone Launches . | . . . . . . . . . . . . . . . . . . . Drone Recoveries . | . . . . . . . . . . . . . . . . . . . Exploration | -11 -10 -10 -10 -8 -7 -6 -6 -6 -5 -5 -5 -4 -4 -3 -3 -2 -1 -1 ------------- Run | Yrd Mat Min Sub Mat Fac Fac Ext Cet Fac Upp Upp Fac Arm Res Tes Res Acc Gar Turns Passed 7906 | 53 349 921 2351 509 717 637 245 34 184 189 6 129 198 147 671 326 194 46 Spaces Moved 7460 | 38 202 462 1111 383 634 676 398 72 446 502 18 326 395 302 485 532 414 64 Core 477 | 3 . . . . . . . . . . . . . 27 218 106 59 64 Treads . | . . . . . . . . . . . . . . . . . . . Legs 1960 | 35 202 462 1111 . . . . . . . . . . . 150 . . . Wheels 1740 | . . . . 383 634 676 . . . . . . . . 47 . . . Hover 305 | . . . . . . . . . . . . . . . 70 235 . . Flight 2978 | . . . . . . . 398 72 446 502 18 326 395 275 . 191 355 . Fastest Speed 24 | 50 120 190 130 85 85 85 37 37 34 34 34 29 24 24 50 31 34 50 Average Speed 88 | 114 167 190 195 85 85 85 38 37 34 34 34 29 32 42 92 48 40 50 Slowest Speed 400 | 120 190 190 400 85 85 95 97 37 34 34 34 29 100 400 250 120 100 50 Overloaded Moves 1 | . . . . . . . . . . . . . . 1 . . . . Propulsion Burnouts . | . . . . . . . . . . . . . . . . . . . Robots Hopped 27 | . . . . . . . 3 . 7 3 . 4 4 5 . . 1 . Potential Cave-ins 4 | . . . . . . . . . . 4 . . . . . . . . Cave-ins Triggered . | . . . . . . . . . . . . . . . . . . . Exploration Rate (%) 31 | 3 33 90 71 37 16 20 57 23 12 76 5 13 40 11 42 19 17 13 Regions Visited 18 Branch Regions 8 Pre-discovered Areas 2 | . . . 2 . . . . . . . . . . . . . . . Known Exits Taken 5 | . . 1 . . . 1 1 . . . . 1 . . . . 1 . Unknown Exits Taken 13 | 1 1 . 1 1 1 . . 1 1 1 1 . 1 1 1 1 . . Scrap Searched 4 | . . 2 1 . . . . . . 1 . . . . . . . . Spaces Dug 58 | . . . 1 . 2 . 1 15 . 38 . . . . . 1 . . Terrain Destroyed 376 | . . . 4 36 26 29 39 45 16 38 . . 8 . 68 18 49 . Melee 3 | . . . . . 2 . 1 . . . . . . . . . . . Projectile 32 | . . . 4 17 1 1 . . . . . . . . 3 2 4 . AOE 341 | . . . . 19 23 28 38 45 16 38 . . 8 . 65 16 45 . Terrain Rammed . | . . . . . . . . . . . . . . . . . . . Walls Destroyed . | . . . . . . . . . . . . . . . . . . . Machines Disabled . | . . . . . . . . . . . . . . . . . . . Actions | -11 -10 -10 -10 -8 -7 -6 -6 -6 -5 -5 -5 -4 -4 -3 -3 -2 -1 -1 --------- Run | Yrd Mat Min Sub Mat Fac Fac Ext Cet Fac Upp Upp Fac Arm Res Tes Res Acc Gar Total 8310 | 44 211 494 1216 483 740 712 476 76 459 511 17 356 451 312 660 581 433 78 Wait 187 | . . 6 22 4 12 2 34 . . . . 19 . . 77 11 . . Move 7388 | 37 201 461 1110 382 633 675 391 71 431 495 17 317 386 291 484 531 411 64 Hop 27 | . . . . . . . 3 . 7 3 . 4 4 5 . . 1 . Pick Up 86 | . 6 9 12 13 13 4 9 . 1 . . 4 7 4 . 3 1 . Fast Attach 75 | 6 1 . 4 2 2 1 . . 1 . . 2 6 4 24 18 4 . Attach 49 | . . . 1 5 5 1 10 1 3 2 . 3 7 2 6 . 3 . Detach 27 | . . . . . . . 7 1 2 1 . 2 4 1 4 2 3 . Swap 60 | 1 3 6 11 6 10 6 3 . 3 3 . 3 4 . . . 1 . Drop 78 | . . 3 20 10 11 3 5 . 2 1 . 2 9 2 5 3 2 . Fire 266 | . . 7 35 61 44 17 10 3 9 6 . . 5 . 49 13 7 . Melee 11 | . . 1 . . 2 . 4 . . . . . 4 . . . . . Ram 24 | . . . . . . 3 . . . . . . . 3 10 . . 8 Kick 2 | . . 1 . . . . . . . . . . . . 1 . . . Crush . | . . . . . . . . . . . . . . . . . . . Escape Stasis 23 | . . . . . 8 . . . . . . . 15 . . . . . Rewire 7 | . . . 1 . . . . . . . . . . . . . . 6 Trap . | . . . . . . . . . . . . . . . . . . . Miscellaneous . | . . . . . . . . . . . . . . . . . . . Route ------- -11/Scrapyard -10/Materials (discovered 2 exits: [*Mat] / [*Min]) -10/Mines (discovered 3 exits: [*Mat x2] / *Sub) -10/Subcaves (discovered 2 exits: *Mat x2) -8/Materials -7/Factory -6/Factory (discovered 4 exits: *Low x2 / *Ext x2) -6/Extension (discovered 2 exits: *Fac / *Cet) -6/Cetus -5/Factory -5/Upper Caves -5/Upper Caves -4/Factory (discovered 3 exits: Upp x2 / *Arm) -4/Armory -3/Research -3/Testing -2/Research -1/Access -1/Garrison History --------- Turn | Location | Event 10 | -11/Scrapyard | Discovered new exit (range 16) 54 | -11/Scrapyard | Entered Materials 165 | -10/Materials | Discovered new exit (range 12) 307 | -10/Materials | Build established: Mutant 321 | -10/Materials | Discovered new exit (range 15) 403 | -10/Materials | Entered Mines 483 | -10/Mines | A weapon hastily lodged in a ceiling crevice suddenly fell to the ground 723 | -10/Mines | YI-UF0 nonchalantly dropped a Grenade Launcher on the ground 820 | -10/Mines | Discovered new exit (range 8) 823 | -10/Mines | Found DCF Scrap (9 items) 908 | -10/Mines | Found a Scrap Suit stashed away for nefarious purposes 912 | -10/Mines | Found Scrap Suit 951 | -10/Mines | Discovered new exit (range 11) 1074 | -10/Mines | Excavation squad dispatched 1074 | -10/Mines | A large section of the Mines collapsed 1119 | -10/Mines | Identified exit to Subcaves 1203 | -10/Mines | Received a Mining Laser from a helpful Derelict 1324 | -10/Mines | Entered Subcaves 1324 | -10/Subcaves | Accompanied by 1 ally 1325 | -10/Subcaves | Approached by a straggling Scientist 1352 | -10/Subcaves | Shifting Twisted Machinery released Mak. Leg 1354 | -10/Subcaves | Shifting Twisted Machinery released Sub. Laser 1433 | -10/Subcaves | Learned Materials terminal intel 1708 | -10/Subcaves | Discovered new exit (range 9) 1893 | -10/Subcaves | Shifting Twisted Machinery released Sub. Power Source 1906 | -10/Subcaves | Visited Clippyterm 1912 | -10/Subcaves | Learned location of Extension (-6) 2701 | -10/Subcaves | Shifting Twisted Machinery released Sub. Power Source 2730 | -10/Subcaves | Shifting Twisted Machinery released Sub. Power Source 2732 | -10/Subcaves | Shifting Twisted Machinery released Spk. Treads 2767 | -10/Subcaves | Learned location of Storage (-9) 3091 | -10/Subcaves | Visited 4L-MR0's lab 3114 | -10/Subcaves | Found Prototype Device 3114 | -10/Subcaves | Identified Sfc. Transmogrifier 3139 | -10/Subcaves | Found Flightbrick 3502 | -10/Subcaves | Core integrity fell below 50% 3509 | -10/Subcaves | Discovered new exit (range 11) 3614 | -10/Subcaves | A Subdweller sparked back to life 3614 | -10/Subcaves | A Subdweller sparked back to life 3658 | -10/Subcaves | Found Maxwheels 3675 | -10/Subcaves | Entered Materials 3675 | -8/Materials | Evolved 4 slots: Propulsion x2, Utility x2 3676 | -8/Materials | Loaded intel: 12 terminal locations 3677 | -8/Materials | Attached Maxwheels, gained temporary slots: Weapon x2 3976 | -8/Materials | Discovered new exit (range 4) 3977 | -8/Materials | Central database locked down 3986 | -8/Materials | Garrison activated, responded to threat 4138 | -8/Materials | Build established: Gunner 4184 | -8/Materials | Entered Factory 4184 | -7/Factory | Evolved 2 slots: Utility x2 4877 | -7/Factory | Lost 3 parts (1p2w) 4877 | -7/Factory | Discovered new exit (range 10) 4901 | -7/Factory | Entered another Factory area 4901 | -6/Factory | Evolved 2 slots: Propulsion x1, Utility x1 5090 | -6/Factory | Build established: Mutant 5189 | -6/Factory | Discovered new exit (range 7) 5219 | -6/Factory | Spotted B-75 Beast 5404 | -6/Factory | Identified exit to Lower Caves 5404 | -6/Factory | Identified exit to Extension 5538 | -6/Factory | Entered Extension 5541 | -6/Extension | Attached Flightbrick, gained temporary slots: Utility x3 5579 | -6/Extension | Rescued a captive Derelict 5581 | -6/Extension | Rescued a captive Derelict 5690 | -6/Extension | Identified exit to Cetus 5739 | -6/Extension | Spotted B-75 Beast 5744 | -6/Extension | Spotted B-75 Beast 5777 | -6/Extension | Discovered new exit (range 14) 5783 | -6/Extension | Entered Cetus 5789 | -6/Cetus | Spotted Cetus Guard 5789 | -6/Cetus | Spotted Cetus Guard 5789 | -6/Cetus | Spotted Cetus Guard 5798 | -6/Cetus | Discovered new exit (range 16) 5817 | -6/Cetus | Entered Factory 5817 | -5/Factory | Evolved 2 slots: Power x1, Propulsion x1 5839 | -5/Factory | Build established: Hacker-Mutant 5992 | -5/Factory | Central database locked down 5999 | -5/Factory | Discovered new exit (range 6) 6001 | -5/Factory | Entered Upper Caves 6097 | -5/Upper Caves | Spotted B-75 Beast 6116 | -5/Upper Caves | Learned Factory trap positions 6160 | -5/Upper Caves | Discovered new exit (range 15) 6190 | -5/Upper Caves | Entered another Upper Caves area 6192 | -5/Upper Caves | Discovered new exit (range 15) 6196 | -5/Upper Caves | Entered Factory 6196 | -4/Factory | Evolved 2 slots: Propulsion x1, Utility x1 6197 | -4/Factory | Loaded intel: 90 trap records 6222 | -4/Factory | Repaired Adv. Weight Redist. System 6237 | -4/Factory | Found Quantum Capacitor 6314 | -4/Factory | Identified exit to Upper Caves 6314 | -4/Factory | Identified exit to Armory 6325 | -4/Factory | Entered Armory 6326 | -4/Armory | Met VL-GR5, who suggested a friendly competition 6371 | -4/Armory | Spotted B-86 Titan 6520 | -4/Armory | Discovered new exit (range 5) 6523 | -4/Armory | Entered Research 6523 | -3/Research | Evolved 2 slots: Power x1, Propulsion x1 6549 | -3/Research | Lost 7 parts (2p3n2u) 6665 | -3/Research | Discovered new exit (range 9) 6670 | -3/Research | Entered Testing 6693 | -3/Testing | Lost 3 parts (2n1u) 6874 | -3/Testing | Scanned by Researcher 6973 | -3/Testing | Lost 3 parts (1p1u1w) 6978 | -3/Testing | Protovariant out of control (PH-N8YHBJLXME) 6978 | -3/Testing | Unleashed a protovariant (PH-N8YHBJLXME) 7179 | -3/Testing | Core integrity fell below 50% 7203 | -3/Testing | Released all parts (9) 7209 | -3/Testing | Lost 8 parts (2n2u4w) 7259 | -3/Testing | Core integrity fell below 20% 7336 | -3/Testing | Discovered new exit (range 10) 7341 | -3/Testing | Entered Research 7341 | -2/Research | Evolved 2 slots: Utility x2 7519 | -2/Research | Released all parts (6) 7585 | -2/Research | Spotted B-90 Cyclops 7591 | -2/Research | Search patrols dispatched 7592 | -2/Research | Core integrity fell below 50% 7610 | -2/Research | Core integrity fell below 20% 7637 | -2/Research | Lost 7 parts (2p4n1u) 7650 | -2/Research | Spotted B-90 Cyclops 7663 | -2/Research | Discovered new exit (range 13) 7667 | -2/Research | Entered Access 7667 | -1/Access | Evolved 2 slots: Utility x2 7814 | -1/Access | Spotted B-99 Colossus 7815 | -1/Access | Spotted B-99 Colossus 7840 | -1/Access | Build established: Mutant 7851 | -1/Access | Lost 6 parts (5n1w) 7861 | -1/Access | Identified exit to Garrison 7861 | -1/Access | Entered Garrison 7877 | -1/Garrison | Triggered checkpoint 7884 | -1/Garrison | Core integrity fell below 50% 7894 | -1/Garrison | Core integrity fell below 20% 7907 | -1/Garrison | Destroyed by G-73 Enforcer with Phase Gun Last Messages --------------- 07888_ Imp. Q-thruster destroyed. 07888_ Penetrated by Slug. 07889_ Attempting to rewire C-45 Heavy ARC. 07889_ C-45 Heavy ARC is unpowered. 07890_ Attempting to rewire C-45 Heavy ARC. 07890_ C-45 Heavy ARC is unpowered. 07891_ Slammed into G-73 Enforcer. 07891_ Slug penetrates G-73 Enforcer. 07891_ C-45 Heavy ARC suffers critical hit (Destroy). 07891_ Penetrated by Slug. 07892_ Slammed into G-73 Enforcer. 07893_ Slug penetrates Reinforced Barrier. 07894_ Slammed into G-73 Enforcer. 07894_ Penetrated by Slug. 07895_ Slammed into H-88 Terminator. 07896_ Penetrated by Slug. 07897_ Slammed into H-88 Terminator. 07899_ Slug penetrates Wall. 07899_ Penetrated by Slug. Map ----- +----------------------------------------------------+ | ?????????????????????????????????????????????????? | | ?????????????????????????????????????????????????? | | ?????????????????????????????????????????????????? | | ?????????????????????????????????????????????????? | | ?????????????????????????????????????????????????? | | ?????????????????????????????????????????????????? | | ?????????????????????????????????????????????????? | | ?????????????????????????????????????????????????? | | ?????????????????????????????????????????????????? | | ?????????????????????????????????????????????????? | | ???????????????????????? #?????????????????????? | | ????????????????????????g ?????????????????????? | | ????????????????????????g ?????????????????????? | | ????????????????????????g ?????????????????????? | | ???????????????????????? ?????????????????????? | | ???????????????????????? #?????????????????????? | | ?????????????####??????? ##????????????????????? | | ?????????????# ??????? ?????????????????????? | | ?????????????# ??????? ?????????????????????? | | ?????????????# #??????? ?????????????????????? | | ?????????????# #???????# #?????????????????????? | | ?????????????# #???????# #?????????????????????? | | ?????????????# #???????# #?????????????????????? | | ?????????????# #???????# #?????????????????????? | | ?????????????# #???????# #?????????????????????? | | ?????????????# #???????#@ #?????????????????????? | | ????########## ######### #?????????????????????? | | ????# #?????????????????????? | | ????# #?????????????????????? | | ????# ####### ###"#########?????????????????????? | | ????# #?????# #?# #?????????????????????????????? | | ????# #?????# #?# #?????????????????????????????? | | ????# #?????# #?# #?????????????????????????????? | | ????# #?????# ###+#?????????????????????????????? | | ????# #?????# #?????????????????????????????? | | ????# #?????##### #?????????????????????????????? | | ????# #?????????# #?????????????????????????????? | | ????# #?????????# #?????????????????????????????? | | ??### #?????????# ###???????????????????????????? | | ??# #?????????# "%#### #??????????????????????? | | ??# #?????????# "+ #??????????????????????? | | ??# #?????????# #### #??????????????????????? | | ??######?????????# ###???????????????????????????? | | ???????????####### #?????????????????????????????? | | ???????????# #?????????????????????????????? | | ???????????## ####?????????????????????????????? | | ???????????#"""""????????????????????????????????? | | ???????????######????????????????????????????????? | | ?????????????????????????????????????????????????? | | ?????????????????????????????????????????????????? | +----------------------------------------------------+ Best States ------------- Heat Dissipation 62 Energy Generation 45 Energy Capacity 350 Matter Stores 300 Matter Capacity 300 Sight Range 21 Terrain Scan Density 10 ECM Strength 2 Jamming Range 16 Cloak Strength 2 Power Amplification 40 Additional Mass Support 9 Armor Coverage 150 Resistance: KI 25 Resistance: TH 30 Evasion (%) 65 Targeting Accuracy 8 Target Analysis 8 Offensive Hacking 23 Defensive Hacking 22 Item Schematics ----------------- Imp. Diametric Drive | -3/Testing | Archive Centrium Light Armor Plating | -3/Testing | Archive Hvy. Neutron Cannon | -3/Testing | Archive Cld. Nuclear Pulse Thruster | -3/Testing | Archive Centrium Heavy Armor Plating | -3/Testing | Archive Graviton Reactor | -3/Testing | Archive Robot Schematics ------------------ None Fabricated ------------ Nothing Repaired ---------- Adv. Weight Redist. System | 25% | -4/Factory Studied --------- Minigun | -8/Materials | Hacked Grenade Launcher | -8/Materials | Hacked Mic. Nuclear Core | -5/Factory | Hacked Lgt. Angular Momentum Engine | -5/Factory | Hacked Matter Neutralizer | -3/Testing | Hacked Enh. Gauss Cannon | -3/Testing | Hacked Alien Tech Used ----------------- None Achievements -------------- Fitting Room Hammer Time Mistaken Identity Rampage Spot Them First Suspicious Tailor-made Challenges ------------ None Game ------ Seed PotentialAutogunPod Manual? 0 Play Time 01:48:40 Cumulative 50.5 hours Start 2026.07.05 @ 21:49:30 End 2026.07.06 @ 13:19:47 Sessions 5 Manual Loads 0 Difficulty Rogue Special Mode None Game No. 90 Rogue 90 Adventurer 0 Explorer 0 Win Type - Total 1 Types 1/0/0/0/0/0/0/0/0/0 Lore% 27 Gallery% 35 Achievement% 26 Wizard Run 0 Options --------- Layout 1 ASCII 0 Keyboard 0 Movement Arrows Keybinds 0 Fullscreen 1 Font 32/SmallcapsGlow Map View 50x35 Zoom Use 0% Tactical HUD 1 Map Filters NONE Filters NONE Steam 1 RUN: 298ed1fc-17de-40a4-ab01-7e4bcff67716